[Event "Saint Louis Norm Congress-GM 2022"]
[Site "Saint Louis"]
[Date "2022.05.23"]
[Round "8.3"]
[White "Repka, Christopher"]
[Black "Daggupati, Balaji"]
[Result "1/2-1/2"]
[ECO "D24"]
[WhiteElo "2524"]
[BlackElo "2486"]
[Annotator "TA"]
[PlyCount "28"]
[EventDate "2022.05.20"]
[EventType "tourn"]
[EventCountry "USA"]
[SourceTitle "playchess.com"]
[Source "ChessBase"]
[SourceQuality "1"]
[TimeControl "5400+30"]

1. d4 d5 2. Nf3 Nf6 3. c4 dxc4 4. Nc3 a6 5. a4 Nc6 6. e4 Na5 {[%emt 0:01:51] D24: Queen's Gambit Accepted: 3 Nf3 Nf6 4 Nc3.} (6... Bg4 $15) 7. Be3 e6 8. Be2 (8. Ne5 $11 {might be stronger.}) 8... Bb4 $15 {[%emt 0:01:29] Black is slightly better.} 9. Qc2 {[%emt 0:00:13] [#]} b6 $146 ({Of course not} 9... Nb3 10. Ra2 $11) ({Predecessor:} 9... b5 10. O-O Nb3 11. Rad1 Bxc3 12. bxc3 Bb7 13. e5 Nd5 14. Bg5 Qc8 15. Nd2 h6 {½-½ (25) Husek,Z (2011)-Vojtko,M (1996) Slovakia 2014}) 10. Ne5 (10. Nd2 $11 {keeps the balance.}) 10... Bb7 $17 {[%emt 0:15:23] ...Bxe4 is the strong threat.} (10... Nb3 $6 11. Rd1 $11) 11. f3 {[%emt 0:03:01] [#]} c5 ({But not} 11... Nb3 $6 12. Rd1 $15) (11... b5 $1 $17 {[%cal Oc7c5] Threatens to win with ...c5!} 12. axb5 axb5) 12. dxc5 $1 $11 Qc7 13. Nxc4 Nxc4 14. Bxc4 Bxc5 {[%emt 0:00:26] Weighted Error Value: White=0.24 (precise) /Black=0.24 (precise)} 1/2-1/2

[Event "Saint Louis Norm Congress-GM 2022"]
[Site "Saint Louis"]
[Date "2022.05.23"]
[Round "8.4"]
[White "Park, Evan"]
[Black "Schitco, Ivan"]
[Result "1-0"]
[ECO "B67"]
[WhiteElo "2431"]
[BlackElo "2484"]
[Annotator "TA"]
[PlyCount "227"]
[EventDate "2022.05.20"]
[EventType "tourn"]
[EventCountry "USA"]
[SourceTitle "playchess.com"]
[Source "ChessBase"]
[SourceQuality "1"]
[TimeControl "5400+30"]

1. e4 c5 2. Nf3 d6 3. d4 cxd4 4. Nxd4 Nf6 5. Nc3 Nc6 6. Bg5 e6 7. Qd2 a6 8. O-O-O Bd7 9. Kb1 Nxd4 10. Qxd4 Be7 11. f3 Qc7 12. Qd2 b5 13. g4 h5 14. gxh5 Rxh5 15. Bd3 Rb8 (15... Rxg5 {is more complex.} 16. Qxg5 Nxe4 17. Qxg7 Nxc3+ 18. bxc3 Bf8) 16. h4 a5 17. f4 b4 18. Ne2 a4 19. Ng3 (19. f5 $14) 19... Rh8 $11 20. Rhe1 e5 (20... a3 $11) 21. Bf1 (21. fxe5 $16 dxe5 22. Nf5 Bxf5 23. exf5) 21... Bg4 (21... a3 $11) 22. Be2 $14 Be6 23. fxe5 dxe5 24. Nf5 Bxf5 25. exf5 Kf8 26. Bf3 Ne8 (26... b3 $11) 27. Qd5 (27. Qg2 $1 $16) 27... f6 28. Bc1 (28. Be3 $14) 28... Rd8 (28... Nd6 $11) 29. Qe6 (29. Qb5 $1 $16) 29... Rd6 (29... Nd6 $1 $11) 30. Rxd6 $16 Qxd6 31. Qc4 Qc5 32. Qg4 Qf2 33. Rh1 {[%emt 0:01:31] Hoping for h5.} b3 34. cxb3 ({But not} 34. axb3 axb3 35. cxb3 Nd6 $16) 34... axb3 35. axb3 Qb6 (35... Nd6 $16) 36. Bd5 (36. Rd1 $18) 36... Qf2 (36... Qd4 $16 37. Qxd4 exd4) 37. h5 $1 $18 ({Worse is} 37. Qg6 Nd6 $11) 37... Nd6 38. Be6 Qd4 39. Qxd4 exd4 40. Bf4 d3 (40... Nf7 {was worth a try.} 41. Rc1 Nd8) 41. Rh3 (41. b4 $18 {and White stays clearly on top.}) 41... Ne4 42. Rxd3 Rxh5 (42... Nc5 $142 43. Rc3 Rxh5) 43. b4 Rh4 44. Bc7 Bxb4 45. Rd8+ Ke7 46. Rd7+ $1 Kf8 47. Rd8+ (47. Rf7+ $1 $16 Kg8 48. Rxf6+ Kh7 49. Rg6) 47... Ke7 $11 48. Rd7+ Kf8 49. Rf7+ Kg8 ({Better is} 49... Ke8 $1 $14) 50. Rxf6+ $1 $16 Kh7 51. Rg6 Bd6 {[%emt 0:00:49] Inhibits Be5.} 52. Bxd6 ({White should try} 52. Bb6 $16) 52... Nxd6 {[%emt 0:00:02][%mdl 4096] Endgame KRB-KRN} 53. Rg2 Kh6 54. Rd2 Nb5 55. Rd8 (55. Kc2 $14 {feels stronger.}) 55... Nd4 $11 56. Bd7 Rf4 57. Rf8 g5 58. f6 g4 {[%emt 0:00:29] [#]} (58... Kh7 $11) 59. Bxg4 $1 Kg6 60. f7 {[%emt 0:00:40][%cal Og4h5] Strongly threatening Bh5+!} Kg7 61. Rc8 Kxf7 62. Bh5+ Ke7 63. Ka2 Kd7 64. Rc3 Nb5 65. Rc5 Nc7 66. Ka3 Kd6 67. Rc1 Nb5+ 68. Ka2 Nc7 69. Be2 Nd5 70. Ka3 Nb4 71. b3 Nc6 72. Bb5 Nd4 73. Ba4 Ne6 74. b4 Rf3+ 75. Kb2 Rf2+ 76. Kb3 Rf4 77. Bb5 Rf8 78. Rc4 Rb8 79. Ba4 Kd5 80. Bc6+ Kd6 81. b5 Nc5+ (81... Rf8 $1 $11 {remains equal.}) 82. Kb4 $16 {[%emt 0:00:12] Black must now prevent Rd4+.} Nd3+ 83. Ka5 $1 {[%emt 0:00:18] Threatens to win with Rd4+.} Ne5 84. Rc1 Rf8 85. Kb6 Rb8+ (85... Rf2 $142) 86. Ka7 Rf8 87. Kb7 (87. Rd1+ $1 $18 Ke7 88. Kb6) 87... Rf7+ 88. Kb6 Rf4 89. Rd1+ Ke6 90. Bd5+ Kd6 91. Bg8+ Ke7 92. Kc7 Rf2 93. Bd5 {[%emt 0:00:48] aiming for Rc1.} Rc2+ 94. Bc6 {[%emt 0:00:08] And now Rd5 would win.} Nc4 95. Re1+ (95. Rh1 $142) 95... Kf6 96. Re8 Ne5 (96... Na3 $142) 97. Kb7 (97. Rf8+ $142 Ke6 98. Re8+ Kf6 99. Rh8) 97... Nc4 98. Kc7 {[%emt 0:02:02] Against Nd6} (98. Re1 $142) 98... Ne5 99. Rd8 {[%emt 0:01:14] Rd6+ would kill now.} Ke7 $2 (99... Nc4 $16 100. Rd5 Na5) 100. Rd5 $1 $18 Ke6 101. Rd6+ Ke7 102. b6 Nf7 103. Rd7+ Ke6 104. Rd1 ({Inferior is} 104. b7 Rxc6+ 105. Kxc6 Ne5+ 106. Kb6 Nxd7+ $11) 104... Ne5 105. Rd6+ Ke7 106. b7 Rb2 107. Rd1 Nxc6 108. Kxc6 {[%emt 0:00:06] KR-KR} Rc2+ 109. Kb6 Rb2+ 110. Ka7 Ra2+ {[%emt 0:00:04] [#]} 111. Kb8 $1 Ra3 112. Rd4 Ra1 113. Kc7 Rc1+ {[%emt 0:00:06] [#]} 114. Kb6 $1 1-0

[Event "Saint Louis Norm Congress-GM 2022"]
[Site "Saint Louis"]
[Date "2022.05.23"]
[Round "8.5"]
[White "Matviishen, Viktor"]
[Black "Kavutskiy, Konstantin"]
[Result "1-0"]
[ECO "E94"]
[WhiteElo "2517"]
[BlackElo "2407"]
[Annotator "TA"]
[PlyCount "153"]
[EventDate "2022.05.20"]
[EventType "tourn"]
[EventCountry "USA"]
[SourceTitle "playchess.com"]
[Source "ChessBase"]
[SourceQuality "1"]
[TimeControl "5400+30"]

1. d4 Nf6 2. c4 g6 3. Nc3 Bg7 4. e4 d6 5. Be2 O-O 6. Be3 Na6 7. Nf3 e5 8. O-O c6 9. d5 Ng4 10. Bg5 f6 11. Bh4 c5 12. Ne1 Nh6 {[%emt 0:00:33] E94: King's Indian: Classical: 6 Be2 e5 7 0-0: Various Black 7th moves.} 13. Nc2 {[%emt 0:00:06] 13.f3 is setting a new trend.} Nf7 {[%emt 0:01:15] [#]} 14. Bg4 $146 ({Predecessor:} 14. a3 b6 15. b4 Bd7 16. Rb1 Bh6 17. Bg4 Bg5 18. Bxd7 Qxd7 19. Bxg5 fxg5 20. Ne3 {1-0 (52) Korobov,A (2698)-Demchenko,A (2679) St Petersburg 2018}) 14... h5 {[%emt 0:04:01] White is slightly better.} 15. Bxc8 {[%emt 0:00:20] White is more active.} Qxc8 16. h3 Qd8 17. Rb1 Bh6 18. a3 Kg7 19. b4 Qe7 20. bxc5 (20. b5 $16 Nb8 21. Qd3) 20... Nxc5 $11 21. Ne1 Rac8 22. Nd3 Bg5 23. Bxg5 (23. Bg3 $11) 23... fxg5 $15 24. Nxc5 Rxc5 25. Qe2 Rfc8 26. Rb4 b6 27. Rfb1 Qd7 (27... g4 {looks sharper.} 28. hxg4 Qh4 29. gxh5 Rh8) 28. Nd1 Nd8 (28... g4 $5 29. hxg4 Qxg4 $11) 29. R1b3 Nb7 30. Rg3 Qe7 31. Ne3 {[%emt 0:00:51][%cal Oe3f5] Black must now prevent Nf5+!} Qf6 {[%emt 0:05:39] Prevents Nf5+.} 32. Nf1 Nd8 33. Nd2 Nf7 34. a4 Nh6 35. Nb3 R5c7 36. a5 g4 $1 37. axb6 axb6 38. Nd2 Ra8 39. Rxb6 Ra2 40. h4 {[%emt 0:06:37] Inhibits Qg5.} (40. Qe1 $11) 40... Qxh4 {[%emt 0:05:55] ...Qg5 is the strong threat.} 41. Rgb3 Qg5 42. Rb2 Rxb2 43. Rxb2 g3 {[%emt 0:00:10] And now ...gxf2+ would win.} 44. fxg3 Qxg3 45. Rb3 Qg5 46. Qe3 Qe7 47. g3 (47. Qb6 $11 {remains equal.}) 47... Ng4 $17 48. Qb6 Kh6 (48... Qf7 $17 {White should prevent ...Ra7.} 49. Rb1 Rd7) 49. Qb8 $1 $11 Qg7 50. Rf3 (50. Rb6 $2 Qf6 $1 $19) 50... Ra7 51. Qxd6 Ra1+ ({But not} 51... Ra2 52. Nf1 Ra8 53. Qb6 $14) 52. Nf1 {[%emt 0:00:01] aiming for c5.} Qa7+ {[%emt 0:01:42][%mdl 8192] Loses the game.} (52... Ra8 $1 $11) 53. c5 $18 {[%emt 0:00:01] Hoping for Qf8+.} Rc1 54. Qf8+ Kg5 55. d6 {[%emt 0:03:54] Threatens to win with Qe7+.} Qxc5+ {[%emt 0:04:48] [#]} 56. Kh1 $1 {[%emt 0:00:06][%cal Of3f5] White wants to mate with Rf5+!} Ne3 {[%emt 0:00:09] Prevents Rf5+.} 57. d7 Qxf8 58. Rxf8 {[%emt 0:00:00][%mdl 4096] Endgame KRN-KRN} Rd1 59. d8=Q+ Rxd8 60. Rxd8 Nxf1 {[%emt 0:00:04] [#] KR-KN} 61. Rd3 $1 ({Less strong is} 61. Kg2 Ne3+ 62. Kf2 Nc4 $16) 61... h4 62. gxh4+ Kf4 63. Rd6 Ng3+ 64. Kg2 Nxe4 65. Rxg6 Kf5 {[%emt 0:00:37] White mates.} 66. Rg7 Nf6 67. Kf3 e4+ 68. Ke3 Nd5+ 69. Kd4 Nf6 70. Rg1 Ke6 71. Rg5 Kf7 72. h5 Ke6 73. h6 Kf7 74. Ke5 Nd7+ 75. Kf5 e3 76. Rg7+ Ke8 77. h7 {[%emt 0:00:12] Weighted Error Value: White=0.15 (very precise) /Black=0.26 (precise)} 1-0

[Event "Saint Louis Norm Congress-GM 2022"]
[Site "Saint Louis"]
[Date "2022.05.24"]
[Round "9.1"]
[White "Kavutskiy, Konstantin"]
[Black "Stearman, Josiah"]
[Result "1-0"]
[ECO "A11"]
[WhiteElo "2407"]
[BlackElo "2375"]
[Annotator "TA"]
[PlyCount "119"]
[EventDate "2022.05.20"]
[EventType "tourn"]
[EventCountry "USA"]
[SourceTitle "playchess.com"]
[Source "ChessBase"]
[SourceQuality "1"]
[TimeControl "5400+30"]

1. Nf3 d5 2. e3 Nf6 3. c4 e6 4. b3 Nbd7 5. Nc3 c6 6. Bb2 Bd6 7. Be2 O-O 8. Qc2 e5 {[%emt 0:05:51] A11: English Opening: 1...c6.} 9. cxd5 Nxd5 10. Ne4 Bc7 {[%emt 0:00:26] The position is equal.} 11. Ng3 Re8 12. O-O N7f6 13. d3 {[%emt 0:04:59][%cal Bd2d3,Bd3d4][%mdl 32] [#]} h6 $146 ({Predecessor:} 13... Qe7 14. a3 Bd7 15. Rfe1 Rad8 16. b4 a6 17. Qc5 Bd6 18. Qc2 Bc7 19. d4 e4 {½-½ (26) Schaefer,U (2473)-Taras,I (2440) ICCF email 2019}) 14. Rfd1 g5 (14... Qe7 $11 {keeps the balance.}) 15. d4 e4 16. Ne5 g4 17. Nxe4 {[%emt 0:06:28] White is more active.} Nxe4 18. Qxe4 f5 19. Qc2 Qg5 20. Bc4 {[%emt 0:06:34] Strongly threatening Bxd5+.} Be6 21. e4 fxe4 22. Qxe4 Bxe5 23. dxe5 Rf8 24. Bc1 Qg7 25. Be3 (25. Ba3 $142) 25... Rae8 $16 26. Rac1 ({Much weaker is} 26. Bxa7 $6 b6 27. Bxd5 cxd5 $15) 26... Nxe3 27. Bxe6+ $1 ({But not} 27. fxe3 Bxc4 28. Qxc4+ Kh8 $14) 27... Rxe6 28. Qxe3 Rxe5 29. Qxa7 Re2 {[%emt 0:00:22] [#]} 30. Rf1 $1 Qb2 {[%emt 0:00:39][%cal Oe2f2] White must now prevent ...Rexf2!} 31. Rce1 {[%emt 0:00:50] aiming for Rxe2.} (31. Qxb7 {leads to mate.} Rexf2) 31... Qxa2 32. Qd4 Rxe1 $1 33. Rxe1 Qxb3 34. Qxg4+ $14 {[%emt 0:00:22][%mdl 4096] Endgame KQR-KQR} Kh8 $2 {[%emt 0:00:03] A mistake that costs the game.} (34... Kh7 $16) 35. Qg6 $18 Qd5 $2 (35... Qf7 36. Qxh6+ Kg8) 36. Qxh6+ Kg8 37. Qg6+ Kh8 38. h3 {[%emt 0:00:54] White wants to mate with Re7.} Qf5 39. Qg3 $2 (39. Qh6+ Kg8 40. Re3) 39... Qf4 40. Qxf4 Rxf4 {[%emt 0:00:02] KR-KR} 41. Re8+ Kg7 42. Re7+ Rf7 $2 {[%emt 0:00:03] [#]} (42... Kf6 $18 43. Rxb7 Ke5) 43. Rxf7+ $1 {[%emt 0:00:25] White mates.} Kxf7 {[%emt 0:00:06] K3P-KPP} 44. Kf1 b5 45. Ke2 Kf6 46. h4 c5 47. h5 b4 48. Kd3 b3 49. Kc3 c4 50. g4 Kg5 51. f4+ Kh6 52. Kb2 Kg7 53. g5 Kf7 54. f5 Kg7 55. g6 Kh8 56. f6 Kg8 57. h6 Kh8 58. f7 c3+ 59. Kxc3 b2 60. f8=Q# {[%emt 0:00:06] Weighted Error Value: White=0.20 (precise) /Black=0.19 (very precise)} 1-0

[Event "Saint Louis Norm Congress-GM 2022"]
[Site "Saint Louis"]
[Date "2022.05.24"]
[Round "9.2"]
[White "Schitco, Ivan"]
[Black "Matviishen, Viktor"]
[Result "1/2-1/2"]
[ECO "D13"]
[WhiteElo "2484"]
[BlackElo "2517"]
[Annotator "TA"]
[PlyCount "25"]
[EventDate "2022.05.20"]
[EventType "tourn"]
[EventCountry "USA"]
[SourceTitle "playchess.com"]
[Source "ChessBase"]
[SourceQuality "1"]
[TimeControl "5400+30"]

1. d4 d5 2. c4 c6 3. cxd5 cxd5 4. Nc3 Nf6 5. Nf3 Nc6 6. Bf4 a6 7. Rc1 Bf5 8. e3 e6 {[%emt 0:00:22] The main line 8...e6 scores better than 8...Rc8.} 9. Bd3 {[%emt 0:00:18] D13: Slav Defence: Exchange variation without ...Bf5.} Bxd3 {[%emt 0:00:07] The position is equal.} 10. Qxd3 Bd6 11. Bxd6 Qxd6 12. O-O {[%emt 0:00:04] [#] Not much happened in this game.  Weighted Error Value: White=0.12 (very precise) /Black=0.04 (flawless)} {Predecessor:} O-O $146 13. a3 {½-½ (13) Bruzon Batista,L (2673)-Ortiz Suarez,I (2551) Aguascalientes 2018} 1/2-1/2

[Event "Saint Louis Norm Congress-GM 2022"]
[Site "Saint Louis"]
[Date "2022.05.24"]
[Round "9.3"]
[White "Daggupati, Balaji"]
[Black "Park, Evan"]
[Result "0-1"]
[ECO "C67"]
[WhiteElo "2486"]
[BlackElo "2431"]
[Annotator "TA"]
[PlyCount "64"]
[EventDate "2022.05.20"]
[EventType "tourn"]
[EventCountry "USA"]
[SourceTitle "playchess.com"]
[Source "ChessBase"]
[SourceQuality "1"]
[TimeControl "5400+30"]

1. e4 e5 2. Nf3 Nc6 3. Bb5 Nf6 4. O-O Nxe4 5. d4 Nd6 6. Ba4 {[%emt 0:00:05] C67: Ruy Lopez: Berlin Defence: 4 0-0 Nxe4.} (6. Bxc6 $142 bxc6 7. dxe5) 6... exd4 $11 7. c3 Be7 8. cxd4 {[%emt 0:00:43] [#] The position is equal.} Nc4 $146 ({Better is} 8... O-O $15) ({Predecessor:} 8... b5 9. Bb3 O-O 10. Nc3 Bb7 11. Re1 Bf6 12. Bf4 Na5 13. Bc2 b4 14. Na4 g6 {1-0 (91) Nepomniachtchi,I (2792)-Radjabov,T (2765) Paris 2021}) 9. d5 $1 $14 N6e5 10. Nxe5 ({White should try} 10. Re1 $16 Nxf3+ 11. Qxf3) 10... Nxe5 $11 11. Re1 Ng6 12. h4 (12. d6 $5 cxd6 13. Nc3 $11) 12... O-O 13. h5 $36 {[%emt 0:00:10][%mdl 2048] White has some pressure.} Nh4 14. d6 Bxd6 {[%emt 0:03:26][%cal Ob7b5] Strongly threatening ...b5!} 15. Bc2 Re8 16. Rxe8+ Qxe8 17. Nc3 $1 {[%emt 0:06:41] Threatens to win with g3.} Qe6 (17... h6 $11 {remains equal.}) 18. Bg5 $16 {[%emt 0:04:36][%mdl 1024] White has strong compensation.} Qe5 19. Qg4 $1 Qh2+ 20. Kf1 b6 (20... Qh1+ $2 21. Ke2 Qxg2 22. Qxh4 $18) 21. Ke2 $2 (21. Qxh4 $14 Ba6+ 22. Ke1 (22. Ne2 Qxh4 23. Bxh4 Re8 $14)) 21... Ba6+ (21... Nxg2 $19 {has better winning chances. ...Bb7 is the strong threat.} 22. Be4 Ba6+ 23. Kd2 Bf4+ 24. Bxf4 Nxf4 $1) 22. Kd2 $17 {[%emt 0:00:08] aiming for Qe4.} Nxg2 {[%emt 0:02:00] White must now prevent ...Re8.} 23. Be4 (23. Qe4 $17 Bf4+ 24. Bxf4 Qxf4+ 25. Kd1) 23... Nf4 24. Bh4 (24. Qg3 Qxg3 25. fxg3) 24... Re8 $19 (24... f5 $2 25. Bxf5 Rf8 26. Rg1 $19) 25. Rg1 g6 26. hxg6 hxg6 (26... Nxg6 $2 27. Rg2 Qf4+ 28. Kc2 $19) 27. Rh1 {[%emt 0:02:00] [#]} Rxe4 $1 28. Rxh2 Rd4+ 29. Kc2 {[%emt 0:01:06] White threatens Bf6 and mate.} Bd3+ {[%emt 0:00:38] This bishop pair is nice.} 30. Kb3 $2 (30. Kc1 $19 Ne2+ 31. Qxe2 Bxe2 32. Bg3) 30... Rb4+ 31. Ka3 Bc2 32. b3 Rxb3+ {[%emt 0:00:05] Weighted Error Value: White=0.56/Black=0.19 (very precise)} 0-1

[Event "Saint Louis Norm Congress-GM 2022"]
[Site "Saint Louis"]
[Date "2022.05.24"]
[Round "9.4"]
[White "Ruiz Castillo, Joshua Daniel"]
[Black "Repka, Christopher"]
[Result "1-0"]
[ECO "C11"]
[WhiteElo "2473"]
[BlackElo "2524"]
[Annotator "TA"]
[PlyCount "65"]
[EventDate "2022.05.20"]
[EventType "tourn"]
[EventCountry "USA"]
[SourceTitle "playchess.com"]
[Source "ChessBase"]
[SourceQuality "1"]
[TimeControl "5400+30"]

1. e4 e6 2. d4 d5 3. Nc3 Nf6 4. e5 Nfd7 5. f4 c5 6. Nf3 Nc6 7. Be3 a6 8. Qd2 b5 9. Qf2 Qa5 {[%emt 0:09:46] is the legacy move (9...Qb6). C11: French: Classical System: 4 e5 and 4 Bg5 dxe4.} 10. Bd3 {[%emt 0:08:46] [#]} (10. Be2 $11) 10... Nb4 $146 (10... b4 $15 11. Nd1 c4) ({Predecessor:} 10... b4 11. Nd1 b3+ 12. c3 cxd4 13. Nxd4 Nc5 14. Bb1 Nxd4 15. Bxd4 Qb5 16. Qe2 Bd7 17. Nf2 Qxe2+ 18. Kxe2 Bb5+ 19. Bd3 Nxd3 20. Nxd3 bxa2 21. Rxa2 g5 22. fxg5 h6 {½-½ (22) Mastrovasilis,D (2546)-Nisipeanu,L (2693) Dresden 2007}) 11. O-O ({Much worse is} 11. dxc5 $6 Nxd3+ 12. cxd3 b4 $11) 11... g6 {[%emt 0:13:52] Prevents f5. White is better.} 12. dxc5 {[%emt 0:09:58] Hoping for a3.} Nxd3 13. cxd3 b4 {[%emt 0:00:01][%csl LRc3,LRc5] [#]} 14. c6 {[%emt 0:12:24] White is more active.} (14. Nxd5 $1 $16 {[%mdl 512] And now Nb6 would win.} exd5 15. Rac1) 14... bxc3 $11 15. cxd7+ Bxd7 16. bxc3 Qxc3 17. Rac1 Qxd3 18. Bc5 Rc8 ({Black should try} 18... Bxc5 $11 19. Qxc5 Rb8) 19. Bxf8 ({Better is} 19. Bd6 $1 $14) 19... Rxc1 20. Rxc1 Kxf8 21. h3 Kg7 22. Rc7 {[%emt 0:02:07] Threatens to win with Qh4.} Qb5 23. Nd4 Qa4 {[%emt 0:00:10] [#] This move loses the game for Black.} (23... Qb1+ $14 24. Kh2 Rd8) 24. f5 $1 $36 {[%emt 0:00:44][%mdl 2048] White is really pushing.} exf5 {[%emt 0:04:39] [#]} (24... Re8) 25. e6 $1 ({And not} 25. Qh4 Re8 26. Qf6+ Kg8 27. Nxf5 gxf5 $11) 25... fxe6 26. Nxe6+ ({Stronger than} 26. Qh4 Kf7 27. Qf2 Rc8 $15) 26... Kf6 27. Nc5 Qd1+ 28. Kh2 {[%emt 0:00:02] White mates.} Bb5 29. Qh4+ Ke5 30. Qe7+ Kd4 31. Nb3+ Kd3 32. Nc1+ Kd4 33. Qc5+ {[%emt 0:00:44] Weighted Error Value: White=0.17 (very precise) /Black=0.74} 1-0